 Dungeon Crawl Stone Soup version 0.24-a0-479-g9a978d2894 (webtiles) character file.

Game seed: 12123612278541881544

22010 CandyEater the Geomancer (level 12, -3/108 HPs)
             Began as a Gargoyle Earth Elementalist on July 6, 2019.
             Was a High Priest of Vehumet.
             Slain by a profane servitor
             ... wielding a +1 demon whip of freezing
              (6 damage)
             ... on level 2 of the Abyss.
             The game lasted 00:34:09 (13605 turns).

CandyEater the Geomancer (GrEE)                    Turns: 13605, Time: 00:34:09

Health: -3/108     AC: 18    Str: 25    XL:     12   Next: 96%
Magic:  15/24      EV: 14    Int: 21    God:    Vehumet [*****.]
Gold:   1460       SH:  7    Dex: 10    Spells: 13/27 levels left

rFire    + + +     SeeInvis +   y - +5 morningstar (elec)
rCold    + + .     Gourm    .   v - +3 buckler "Tepn" {rPois rF+ Str+3 SInv}
rNeg     + . .     Faith    .   c - +0 robe
rPois    ∞         Spirit   .   (no helmet)
rElec    +         Reflect  .   w - scarf {rC+ rF+}
rCorr    +         Harm     .   l - +2 pair of gloves
MR       .....                  j - +2 pair of boots
Stlth    ..........             (no amulet)
HPRegen  0.28/turn              p - +5 ring of strength
MPRegen  0.19/turn              (no ring)

@: mighty, berserking, resistant, wreathed by umbra, very quick
A: hooves 1, rugged brown scales 1, negative energy resistance 1, electricity
resistance, unbreathing, petrification resistance, rot immunity, AC +8
a: Renounce Religion


You were on level 2 of the Abyss.
You worshipped Vehumet.
Vehumet was extremely pleased with you.
You were not hungry.

You visited 2 branches of the dungeon, and saw 13 of its levels.
You visited the Abyss 1 time.

You collected 1640 gold pieces.
You spent 180 gold pieces at shops.

Inventory:

Hand Weapons
 m - the +3 war axe "Bihof" {speed, rC+++ Int-3 Dex-5}
   (You found it on level 9 of the Dungeon)

   Attacks with this weapon are significantly faster.
   It affects your intelligence (-3).
   It affects your dexterity (-5).
   It renders you almost immune to cold.
 y - a +5 morningstar of electrocution (weapon)
 A - a +2 dire flail of holy wrath
Missiles
 b - 249 stones (quivered)
 D - 2 throwing nets
Armour
 c - a +0 robe (worn)
 j - a +2 pair of boots (worn)
 l - a +2 pair of gloves (worn)
 v - the +3 buckler "Tepn" (worn) {rPois rF+ Str+3 SInv}
   (You found it on level 8 of the Dungeon)

   It affects your strength (+3).
   It protects you from fire.
   It protects you from poison.
   It lets you see invisible.
 w - a scarf of resistance (worn)
Jewellery
 p - a +5 ring of strength (left hand)
Wands
 u - a wand of paralysis (7)
 z - a wand of flame (19)
 B - a wand of enslavement (7)
 F - a wand of iceblast (17)
 I - a wand of random effects (30)
Scrolls
 e - a scroll of amnesia
 g - 10 scrolls of remove curse
 i - a scroll of magic mapping
 q - 4 scrolls of immolation
 t - a scroll of fear
 H - 2 scrolls of identify
 K - a scroll of fog
Potions
 a - 2 potions of might
 f - 2 potions of invisibility
 k - a potion of brilliance
 o - 3 potions of lignification
 r - 6 potions of curing
 C - a potion of flight
Comestibles
 d - 23 rations
 G - 2 chunks of flesh


   Skills:
 + Level 6.2 Fighting
 + Level 5.7 Maces & Flails
 - Level 6.0 Armour
 + Level 5.2 Dodging
 - Level 2.1 Stealth
 - Level 4.0 Shields
 + Level 8.1 Spellcasting
 + Level 9.1 Conjurations
   Level 0.7 Transmutations
 * Level 7.5 Fire Magic
 + Level 10.8 Earth Magic
 + Level 5.1 Evocations


You had 13 spell levels left.
You knew the following spells:

 Your Spells              Type           Power        Failure   Level  Hunger
a - Sandblast             Erth           ######       1%          1    None
b - Stone Arrow           Conj/Erth      ######       1%          3    None
c - Lee's Rapid Deconstr  Erth           ######....   1%          5    #####..
d - Fireball              Conj/Fire      #####.....   1%          5    #####..

Your spell library contained the following spells:

 Spells                   Type           Power        Failure   Level  Hunger
 Venom Bolt               Conj/Pois      ####......   9%          5    #####..
 Flame Tongue             Conj/Fire      #####        1%          1    None
 Passwall                 Tmut/Erth      ####....     1%          2    None
 Throw Flame              Conj/Fire      #####.       1%          2    None
 Conjure Flame            Conj/Fire      #####...     1%          3    None
 Inner Flame              Hex/Fire       ###.....     1%          3    None
 Sticky Flame             Conj/Fire      #####...     1%          4    ###....
 Petrify                  Tmut/Erth      ####....     8%          4    ###....


Dungeon Overview and Level Annotations

Branches:
Dungeon (12/15)            Temple (1/1) D:7            Lair (0/6) D:8
    Orc: D:9-12

Altars:
Ashenzari
Cheibriados
Dithmenos
Elyvilon
Gozag
Hepliaklqana
Kikubaaqudgha
Makhleb
Nemelex Xobeh
Okawaru
Qazlal
Ru
Sif Muna
Uskayaw
Vehumet
Wu Jian
Xom
Yredelemnul
Zin
The Shining One
Beogh

Shops:
D:7 !

Annotations:
D:10 2 transporters
D:12 Erolcha


Innate Abilities, Weirdness & Mutations

You are resistant to torment.
Your stone body is resilient. (AC +8)
You are immune to poison.
You resist negative energy. (rN+)
You are resistant to electric shocks. (rElec)
You can survive without breathing.
You are immune to petrification.
You are immune to rotting.
You have large cloven feet.
You are partially covered in rugged brown scales. (AC +1, +3% HP)


Message History

Okay, then.
Unknown command.
You feel much better.
You block the profane servitor's attack.
The profane servitor hits you with a +1 demon whip of freezing.
A red film seems to cover your vision as you go berserk!
You feel yourself moving faster!
You feel mighty!
The profane servitor hits you with a +1 demon whip of freezing!
* * * LOW HITPOINT WARNING * * *
The profane servitor barely misses you.
The profane servitor hits you with a +1 demon whip of freezing!
* * * LOW HITPOINT WARNING * * *
The profane servitor freezes you.
* * * LOW HITPOINT WARNING * * *
The profane servitor barely misses you.
Unknown command.
You barely miss the profane servitor.
The profane servitor is lightly damaged.
The profane servitor hits you with a +1 demon whip of freezing.
You die...

. #.# # #
## # . .
# # .. .
5 ### x
#. # #.##
. #.# .
##)## . .
# ..
.$#..A##
# ...
#$#.#@# .
# #
?.)######
.# . #
#.#)# #
.##. . .
#)..#..
... . . .
# ##?#
#.# . #
.# # # ##
.# # . ..
... .R
..# . . .
# .. . #.
. ... ##
.


You could see a profane servitor.

Vanquished Creatures
  Snorg (D:10)
  2 rakshasas (Abyss:2)
  Harold (D:9)
  4 two-headed ogres
  A sixfirhy (Abyss:2)
  An unseen horror (Abyss:2)
  Pikel (D:8)
  3 ugly things
  4 centaur zombies
  A cyclops (D:11)
  A gargoyle (D:11)
  An efreet (Abyss:2)
  2 trolls
  Grinder (D:4)
  A hippogriff (D:9)
  3 flying skulls (Abyss:2)
  Sigmund (D:5)
  A ynoxinul (Abyss:2)
  2 wraiths
  14 yaks
  Grum (D:8)
  6 humans (D:7)
  A small abomination (Abyss:2)
  Edmund (D:7)
  A neqoxec (Abyss:2)
  2 phantoms
  8 orc warriors
  5 sky beasts
  A black bear (D:10)
  A spiny frog skeleton (Abyss:2)
  A necrophage (D:7)
  8 ogres
  2 wolves (D:8)
  A crocodile (D:9)
  8 centaurs
  A big kobold (D:11)
  5 bullfrogs
  A wyvern zombie (D:10)
  A water moccasin zombie (D:5)
  A water moccasin skeleton (D:8)
  2 scorpions
  14 killer bees
  12 wights
  8 howler monkeys
  4 crimson imps
  A bullfrog zombie (D:9)
  3 jellies
  A gnoll shaman (D:9)
  9 hounds
  2 orc priests
  16 orc wizards
  Ijyb (D:7)
  Terence (D:3)
  3 iguanas
  5 worker ants
  A hound zombie (D:8)
  2 hound skeletons
  6 worker ant zombies
  3 gnolls (D:9)
  8 adders
  A shadow imp (D:9)
  An ooze (D:3)
  3 worms
  4 dart slugs
  6 leopard geckos
  27 orcs
  9 bats
  4 giant cockroaches
  15 hobgoblins
  9 jackals
  17 kobolds
  3 quokkas
  6 frilled lizards
  12 goblins
  A leopard gecko zombie (D:8)
  18 rats
340 creatures vanquished.

Vanquished Creatures (others)
  A sky beast (D:8)
  A slave (D:8)
  A bullfrog (D:8)
  A scorpion (D:8)
  An iguana (D:8)
5 creatures vanquished.

Grand Total: 345 creatures vanquished

Notes
Turn   | Place    | Note
-------+----------+-------------------------------------------
     0 | D:1      | CandyEater the Gargoyle Earth Elementalist began the quest
                  | for the Orb.
     0 | D:1      | Reached XP level 1. HP: 10/10 MP: 3/3
   267 | D:1      | Reached skill level 4 in Earth Magic
   267 | D:1      | Reached XP level 2. HP: 13/15 MP: 1/5
   716 | D:1      | Reached XP level 3. HP: 17/19 MP: 6/6
   721 | D:1      | Learned a level 3 spell: Stone Arrow
  1567 | D:2      | Reached skill level 1 in Conjurations
  1634 | D:2      | Reached XP level 4. HP: 21/24 MP: 0/8
  2551 | D:3      | Found an opulent altar of Gozag.
  2855 | D:3      | Reached skill level 5 in Earth Magic
  2995 | D:3      | Noticed Terence
  3000 | D:3      | Killed Terence
  3000 | D:3      | Reached XP level 5. HP: 28/28 MP: 1/10
  3007 | D:3      | Learned a level 5 spell: Lee's Rapid Deconstruction
  3374 | D:4      | Noticed Grinder
  3380 | D:4      | Paralysed by Grinder for 2 turns
  3406 | D:4      | Killed Grinder
  3406 | D:4      | Reached XP level 6. HP: 16/32 MP: 1/12
  3625 | D:4      | Reached skill level 6 in Earth Magic
  3960 | D:4      | Reached XP level 7. HP: 36/36 MP: 8/13
  4467 | D:5      | Entered Level 5 of the Dungeon
  4973 | D:5      | Noticed Sigmund
  5000 | D:5      | Killed Sigmund
  5000 | D:5      | Reached skill level 5 in Spellcasting
  5000 | D:5      | Reached skill level 5 in Conjurations
  5000 | D:5      | Reached skill level 7 in Earth Magic
  5000 | D:5      | Reached XP level 8. HP: 41/41 MP: 10/15
  6152 | D:6      | Reached skill level 8 in Earth Magic
  6496 | D:6      | Reached XP level 9. HP: 46/46 MP: 14/18
  6536 | D:6      | Reached skill level 1 in Fighting
  6536 | D:6      | Reached skill level 1 in Maces & Flails
  6536 | D:6      | Reached skill level 1 in Armour
  6536 | D:6      | Reached skill level 1 in Evocations
  7255 | D:7      | Found a staircase to the Ecumenical Temple.
  7263 | Temple   | Entered the Ecumenical Temple
  7443 | Temple   | Became a worshipper of Vehumet
  7570 | D:7      | Found a stormy altar of Qazlal.
  7611 | D:7      | Learned a level 5 spell: Fireball
  7798 | D:7      | Found a runed translucent door.
  7814 | D:7      | Noticed Edmund
  7816 | D:7      | Noticed Ijyb
  7827 | D:7      | Reached skill level 1 in Fire Magic
  7842 | D:7      | Reached skill level 9 in Earth Magic
  7847 | D:7      | Reached XP level 10. HP: 45/55 MP: 8/19
  7847 | D:7      | Killed Edmund
  7848 | D:7      | Killed Ijyb
  8237 | D:7      | Reached * piety under Vehumet
  8237 | D:7      | Offered knowledge of Shock by Vehumet.
  8342 | D:7      | Found a runed translucent door.
  8417 | D:7      | Found Vujar's Distillery.
  8422 | D:7      | Bought a potion of mutation for 96 gold pieces
  8422 | D:7      | Bought a potion of degeneration for 12 gold pieces
  8422 | D:7      | Bought a potion of curing for 36 gold pieces
  8422 | D:7      | Bought a potion of curing for 36 gold pieces
  8423 | D:7      | Gained mutation: You have large cloven feet. [potion of
                  | mutation]
  8423 | D:7      | Gained mutation: You are partially covered in rugged brown
                  | scales. (AC +1, +3% HP) [potion of mutation]
  8651 | D:8      | Got a crude buckler
  8657 | D:8      | Identified the +3 buckler "Tepn" {rPois rF+ Str+3 SInv}
                  | (You found it on level 8 of the Dungeon)
  8753 | D:8      | Noticed Pikel
  8762 | D:8      | Killed Pikel
  8828 | D:8      | Noticed Grum
  8837 | D:8      | Killed Grum
  8837 | D:8      | Reached skill level 1 in Shields
  8863 | D:8      | Found a hazy altar of Hepliaklqana.
  8863 | D:8      | Found a basalt altar of Yredelemnul.
  8864 | D:8      | Found a shadowy altar of Dithmenos.
  9032 | D:8      | Identified a scroll of acquirement
  9253 | D:8      | Offered knowledge of Freeze by Vehumet.
  9255 | D:8      | Reached ** piety under Vehumet
  9505 | D:8      | Found a staircase to the Lair.
  9675 | D:9      | Reached XP level 11. HP: 54/62 MP: 19/21
  9796 | D:9      | Noticed Harold
  9811 | D:9      | Killed Harold
 10048 | D:9      | Noticed a two-headed ogre
 10079 | D:9      | Killed a two-headed ogre
 10578 | D:9      | Got an ancient war axe
 10579 | D:9      | Identified the cursed +3 war axe "Bihof" {speed, rC+++
                  | Int-3 Dex-5} (You found it on level 9 of the Dungeon)
 10951 | D:10     | Entered Level 10 of the Dungeon
 10966 | D:10     | Reached skill level 5 in Fire Magic
 11128 | D:10     | Reached skill level 10 in Earth Magic
 11129 | D:10     | Offered knowledge of Ignite Poison by Vehumet.
 11300 | D:10     | Noticed Snorg
 11304 | D:10     | Killed Snorg
 11340 | D:10     | Reached skill level 5 in Armour
 11465 | D:10     | Reached skill level 5 in Fighting
 11496 | D:10     | Reached *** piety under Vehumet
 11516 | D:10     | Found a roughly hewn altar of Beogh.
 11516 | D:10     | Noticed an orc high priest
 11523 | D:10     | Noticed a two-headed ogre
 11534 | D:10     | Killed a two-headed ogre
 11665 | D:10     | Found a transporter.
 11669 | D:10     | Found a transporter.
 11833 | D:10     | Offered knowledge of Iskenderun's Mystic Blast by Vehumet.
 12087 | D:11     | Reached XP level 12. HP: 70/70 MP: 23/23
 12245 | D:11     | Noticed a two-headed ogre
 12305 | D:11     | Killed a two-headed ogre
 12664 | D:11     | Reached skill level 5 in Maces & Flails
 12673 | D:11     | Noticed a two-headed ogre
 12678 | D:11     | Killed a two-headed ogre
 12782 | D:11     | Reached **** piety under Vehumet
 12795 | D:11     | Offered knowledge of Throw Icicle by Vehumet.
 13464 | D:12     | Noticed Erolcha
 13467 | D:12     | Cast into level 2 of the Abyss (Erolcha)
 13467 | Abyss:2  | Found a corrupted altar of Lugonu.
 13505 | Abyss:2  | Noticed a rakshasa
 13505 | Abyss:2  | Noticed a profane servitor
 13505 | Abyss:2  | Noticed an angel
 13551 | Abyss:2  | Reached skill level 5 in Dodging
 13568 | Abyss:2  | Killed a rakshasa
 13568 | Abyss:2  | Reached skill level 5 in Evocations
 13576 | Abyss:2  | Reached ***** piety under Vehumet
 13585 | Abyss:2  | Offered knowledge of Venom Bolt by Vehumet.
 13585 | Abyss:2  | Noticed a rakshasa
 13592 | Abyss:2  | Killed a rakshasa
 13604 | Abyss:2  | HP: 4/108 [profane servitor/+1 demon whip of freezing (14)]
 13605 | Abyss:2  | Slain by a profane servitor

Levels and vault maps discovered:
D:1:      erik_arrival_orb_chamber, layout_basic
D:2:      layout_loops_ring
D:3:      layout_basic, grunt_gozag_breadcrumbs, uniq_terence
D:4:      layout_cave_pods, first_ration, grunt_ministairs_9, uniq_grinder
D:5:      layout_layer_cave, uniq_sigmund
D:6:      layout_loops_corners
D:7:      erik_cavepeople, layout_basic, nicolae_overflow_crystal_walls,
          minmay_temple_entry_tees, serial_shops, shop
D:8:      kennysheep_six_static_rooms, layout_loops_cross,
          gammafunk_temple_overflow_forgotten, uniq_grum, uniq_pikel
D:9:      minmay_angry_zag, layout_layer_cave, uniq_harold
D:10:     gammafunk_beogh_shrine, layout_irregular_city, uniq_snorg
D:11:     layout_cave_pods
D:12:     layout_irregular_city, orc_0_dummy, uniq_erolcha
Temple:   dpeg_five_rooms_temple
Abyss:2:  hangedman_classic_abyss_death

Skill      XL: |  1  2  3  4  5  6  7  8  9 10 11 12 |
---------------+-------------------------------------+-----
Earth Magic    | 4 5 6 7 8 9 10 | 10.8
Conjurations   | 1 2 3 5 6 7 8 9 |  9.1
Spellcasting   | 3 4 5 6 7 8 |  8.1
Fighting       | 2 4 5 6 |  6.2
Maces & Flails | 2 3 4 5 |  5.7
Armour         | 3 4 5 6 |  6.0
Evocations     | 2 3 4 5 |  5.1
Dodging        | 2 3 4 5 |  5.2
Fire Magic     | 2 4 5 7 |  7.5
Shields        | 1 3 4 |  4.0
Stealth        | |  2.1
Transmutations | |  0.7

Action                   |  1- 3 |  4- 6 |  7- 9 | 10-12 || total
-------------------------+-------+-------+-------+-------++-------
Melee: Unarmed           |    22 |       |       |       ||    22
       Dagger            |   146 |   180 |   140 |       ||   466
       Morningstar       |       |       |   110 |   396 ||   506
 Cast: Sandblast         |    29 |    17 |    52 |    78 ||   176
       Stone Arrow       |       |     4 |     5 |    16 ||    25
       Lee's Rapid Decon |       |       |     5 |    43 ||    48
Evoke: Wand              |       |       |     6 |    20 ||    26
  Use: Scroll            |     2 |     7 |    13 |    11 ||    33
       Potion            |       |       |     1 |    11 ||    12
 Stab: Sleeping          |     5 |     1 |     2 |     2 ||    10
       Paralysed         |       |       |     6 |       ||     6
  Eat: Chunk             |     3 |     8 |    13 |    27 ||    51
       Ration            |       |       |       |     1 ||     1
Armor: Robe              |    69 |    55 |   111 |   243 ||   478
Dodge: Dodged            |   111 |    72 |   118 |   324 ||   625
Block: Buckler           |       |       |       |   194 ||   194

Table legend:
 A = Non-vault XP
 B = Vault XP
 C = Vault XP percentage of total XP
 D = Non-vault monster count
 E = Vault monster count
 F = Vault count percentage of total count
                 A         B        C        D         E       F
            +---------+---------+-------+---------+---------+-------
      Total |   20926 |   10518 |  33.4 |     280 |      60 |  17.6
            +---------+---------+-------+---------+---------+-------
        D:1 |      49 |      12 |  19.7 |      27 |      12 |  30.8
        D:2 |      46 |       0 |   0.0 |      23 |       0 |   0.0
        D:3 |      55 |      36 |  39.6 |      22 |       1 |   4.3
        D:4 |     270 |     287 |  51.5 |      11 |       6 |  35.3
        D:5 |     433 |     212 |  32.9 |      12 |       1 |   7.7
        D:6 |    1873 |       0 |   0.0 |      35 |       0 |   0.0
        D:7 |     497 |    2748 |  84.7 |      17 |      18 |  51.4
        D:8 |    1148 |    1269 |  52.5 |      23 |       7 |  23.3
        D:9 |    2271 |    1295 |  36.3 |      18 |       7 |  28.0
       D:10 |    4789 |    1062 |  18.2 |      33 |       1 |   2.9
       D:11 |    7025 |       0 |   0.0 |      46 |       0 |   0.0
       D:12 |     426 |       0 |   0.0 |       7 |       0 |   0.0
    Abyss:2 |    2044 |    3597 |  63.8 |       6 |       7 |  53.8
            +---------+---------+-------+---------+---------+-------
